 Dungeon Crawl Stone Soup version 0.29.0-4-gdea44cf6ec (webtiles) character file.

Game seed: 3719388662001037740

197 qw the Chopper (level 5, -3/30 HPs)
             Began as a Tengu Warper on Aug 28, 2022.
             Succumbed to a water moccasin's poison
             ... on level 5 of the Dungeon.
             The game lasted 00:00:23 (3760 turns).

qw the Chopper (Tengu Warper)                       Turns: 3760, Time: 00:00:24

Health: -3/30      AC: 12    Str: 13 (14) XL:     5   Next: 75%
Magic:  9/9        EV:  8    Int: 12 (13) God:
Gold:   1088       SH:  0    Dex: 11 (13) Spells: 8/8 levels left

rFire   . . .      SeeInvis .   Y - +1 hand axe (elec)
rCold   . . .      Faith    .   (no shield)
rNeg    . . .      Spirit   .   b - +0 plate armour
rPois   .          Reflect  .   (helmet restricted)
rElec   .          Harm     .   d - +0 cloak
rCorr   .          Rampage  .   (no gloves)
Will    .....                   (boots unavailable)
Stlth   ..........              (no amulet)
HPRegen 0.10/turn               a - +4 ring of evasion
MPRegen 0.11/turn               (no ring)

@: lethally poisoned (-3 -> -22), flying quickly and evasively, quick
A: beak, talons 3, nimble flight
a: no special abilities


You were on level 5 of the Dungeon.
You visited 1 branch of the dungeon, and saw 5 of its levels.

You collected 1088 gold pieces.


Innate Abilities, Weirdness & Mutations

You have a beak for a mouth.
You have claws for feet.
Your magical nature lets you fly swiftly and evasively.


   Skills:
 - Level 2.0 Fighting
 - Level 6.1 Axes
 - Level 1.0 Throwing
 + Level 2.0 Armour
 - Level 2.1 Dodging
 - Level 2.0 Spellcasting
 - Level 2.4 Translocations


You had 8 spell levels left.
You didn't know any spells.
Your spell library contained the following spells:

 Spells                   Type           Power      Damage    Failure   Level
 Blink                    Tloc           12%        N/A       100%        2
 Gell's Gravitas          Tloc           6%         N/A       100%        3
 Lesser Beckoning         Tloc           6%         N/A       100%        3
 Teleport Other           Tloc           6%         N/A       100%        3
 Manifold Assault         Tloc           6%         N/A       100%        5

Inventory:

Hand Weapons
 f - a +0 mace
 Y - a +1 hand axe of electrocution (weapon)
Missiles
 c - 3 javelins (quivered)
Armour
 b - a +0 plate armour (worn)
 d - a +0 cloak (worn)
Jewellery
 a - a +4 ring of evasion (left hand)
Scrolls
 i - a scroll of identify
Potions
 g - a potion of mutation
 h - 3 potions of might
 j - a potion of curing {unknown}

Dungeon Overview and Level Annotations

Branches:
Dungeon (5/15)
 Temple: D:4-7

Altars:
Makhleb
Nemelex Xobeh
Uskayaw
Wu Jian
Yredelemnul

Annotations:
D:4 2 transporters, qw's ghost, novice TeWr


Message History

The dart slug launches a dart at you. The slug dart misses you.
You hit the dart slug.
Lightning courses through the dart slug!
You claw the dart slug.
You kill the dart slug!
You hit the water moccasin. Your kick misses the water moccasin.
You punch the water moccasin, but do no damage.
The water moccasin is moderately wounded.
The water moccasin bites you.
You are poisoned.
The water moccasin poisons you!
You hit the water moccasin but do no damage.
Your kick misses the water moccasin.
The water moccasin is moderately wounded.
You feel very sick.
The water moccasin bites you but does no damage.
The water moccasin barely misses you.
You completely miss the water moccasin. Your kick misses the water moccasin.
The water moccasin is moderately wounded.
You feel very sick. The water moccasin closely misses you.
You hit the water moccasin.
Lightning courses through the water moccasin!
The water moccasin is heavily wounded.
You feel sick.
The water moccasin bites you but does no damage.
You hit the water moccasin.
The water moccasin is severely wounded.
You feel sick. The water moccasin bites you. The water moccasin bites you!
You are lethally poisoned!
The water moccasin poisons you!
You hit the water moccasin. Your peck misses the water moccasin.
The water moccasin is severely wounded.
You feel very sick. The water moccasin bites you.
You miss the water moccasin. Your kick misses the water moccasin.
You peck the water moccasin.
The water moccasin is almost dead.
You die...

#.....#######..
#.......................
##......................
#.......................
#..###....##............
#..# #...###............
##.# #..## #............
#.# ##..###....S.......
##.# #.........@.......
...# #####.............
...# #............. ...#
#.............. #.##
#......$....... #.#
#.............. #.#
#............... #.#
.........(...... #.#


You could see a water moccasin.

Vanquished Creatures
  A jelly (D:5)
  An iguana (D:4)
  An orc wizard (D:3)
  Robin (D:3)
  A gnoll (D:1)
  An adder (D:2)
  A worm (D:2)
  2 dart slugs
  4 orcs (D:3)
  3 endoplasms
  4 giant cockroaches
  13 goblins
  9 hobgoblins
  5 jackals (D:1)
  10 kobolds
  3 quokkas
  3 ball pythons
  4 bats
  2 frilled lizards (D:3)
  3 rats
72 creatures vanquished.

Notes
Turn   | Place    | Note
-------+----------+-------------------------------------------
     0 | D:1      | qw the Tengu Warper began the quest for the Orb.
     0 | D:1      | Reached XP level 1. HP: 12/12 MP: 4/4
     0 | D:1      | 0 ||| qw: Version: 0.1-a-89-g26bdef1
     0 | D:1      | 0 ||| qw: Game counter: 2581
     0 | D:1      | 0 ||| qw: Always use a shield: true
     0 | D:1      | 0 ||| qw: God list: Okawaru
     0 | D:1      | 0 ||| qw: Allow faded altars: false
     0 | D:1      | 0 ||| qw: Do Orc after D:15 true
     0 | D:1      | 0 ||| qw: Do second Lair branch before Depths: true
     0 | D:1      | 0 ||| qw: Lair rune preference: random
     0 | D:1      | 0 ||| qw: Plans: Normal
     0 | D:1      | 0 ||| PLANNING D:1-11
   112 | D:1      | Found a faded altar of an unknown god.
   121 | D:1      | Reached skill level 3 in Axes
   121 | D:1      | Reached XP level 2. HP: 14/17 MP: 6/6
   466 | D:1      | Reached XP level 3. HP: 21/21 MP: 7/7
   607 | D:1      | 607 ||| Stepping ~*~*~tactically~*~*~ (stealth).
   610 | D:1      | 610 ||| Stepping ~*~*~tactically~*~*~ (stealth).
   617 | D:1      | Reached skill level 4 in Axes
   752 | D:1      | 752 ||| UPGRADING to +0 ring mail.
   762 | D:1      | 762 ||| DROPPING +0 leather armour.
   763 | D:1      | 763 ||| READING scroll labelled XOMMENLUBI.
   764 | D:1      | 764 ||| READING 2 scrolls labelled CANWINWAHEBB.
   765 | D:1      | 765 ||| READING 2 scrolls labelled CUEHOE APOBU.
   766 | D:1      | 766 ||| DRINKING 2 murky grey potions.
   767 | D:1      | 767 ||| DROPPING scroll of blinking.
   768 | D:1      | 768 ||| DROPPING scroll of immolation.
   846 | D:2      | 846 ||| Stepping ~*~*~tactically~*~*~ (stealth).
  1169 | D:2      | 1169 ||| FLEEEEING.
  1173 | D:2      | 1173 ||| FLEEEEING.
  1174 | D:2      | 1174 ||| FLEEEEING.
  1175 | D:2      | 1175 ||| FLEEEEING.
  1176 | D:2      | 1176 ||| FLEEEEING.
  1178 | D:2      | 1178 ||| STAIRDANCE
  1220 | D:1      | 1220 ||| UPGRADING to +0 plate armour.
  1230 | D:1      | 1230 ||| UPGRADING to +0 cloak.
  1235 | D:1      | 1235 ||| DROPPING +0 ring mail.
  1236 | D:1      | 1236 ||| READING scroll labelled YZITOQUIFI.
  1237 | D:1      | 1237 ||| READING 2 scrolls of identify.
  1237 | D:1      | 1237 ||| IDENTIFYING fizzy red potion
  1238 | D:1      | 1238 ||| DROPPING potion of attraction.
  1468 | D:2      | Reached XP level 4. HP: 26/26 MP: 8/8
  1645 | D:2      | 1645 ||| UPGRADING to +4 ring of evasion.
  1646 | D:2      | 1646 ||| DRINKING 2 silvery potions.
  1647 | D:2      | 1647 ||| DROPPING potion of degeneration.
  1718 | D:3      | 1718 ||| FLEEEEING.
  1719 | D:3      | 1719 ||| FLEEEEING.
  1720 | D:3      | 1720 ||| FLEEEEING.
  1721 | D:3      | 1721 ||| FLEEEEING.
  1722 | D:3      | 1722 ||| FLEEEEING.
  1802 | D:3      | 1802 ||| FLEEEEING.
  1803 | D:3      | 1803 ||| FLEEEEING.
  1804 | D:3      | 1804 ||| FLEEEEING.
  1809 | D:3      | 1809 ||| STAIRDANCE
  1879 | D:2      | 1879 ||| READING 2 scrolls of identify.
  1879 | D:2      | 1879 ||| IDENTIFYING murky clear potion
  1880 | D:2      | 1880 ||| DROPPING potion of berserk rage.
  1928 | D:3      | Found a sparkling altar of Nemelex Xobeh.
  2058 | D:3      | Found an ornate altar of the Wu Jian Council.
  2107 | D:3      | Reached skill level 5 in Axes
  2251 | D:3      | Found a burning altar of Makhleb.
  2251 | D:3      | Noticed a blizzard demon
  2320 | D:3      | Noticed Robin
  2321 | D:3      | 2321 ||| Stepping ~*~*~tactically~*~*~ (hiding).
  2332 | D:3      | 2332 ||| Stepping ~*~*~tactically~*~*~ (hiding).
  2363 | D:3      | Gained mutation: Your magical nature lets you fly swiftly
                  | and evasively. [Tengu growth]
  2363 | D:3      | Reached XP level 5. HP: 23/30 MP: 9/9
  2384 | D:3      | Killed Robin
  2651 | D:3      | 2651 ||| READING scroll labelled NEIKOSUFIWN.
  2652 | D:3      | 2652 ||| READING scroll labelled QITAXK JEUDGHU.
  2652 | D:3      | Identified a scroll of acquirement
  2652 | D:3      | 2652 ||| ACQUIRING 896 gold pieces
  2652 | D:3      | Acquired 896 gold pieces
  2654 | D:3      | 2654 ||| READING 2 scrolls of identify.
  2654 | D:3      | 2654 ||| IDENTIFYING fuming brown potion
  2655 | D:3      | 2655 ||| DROPPING potion of lignification.
  2683 | D:4      | 2683 ||| STAIRDANCE
  2767 | D:4      | Found a basalt altar of Yredelemnul.
  2773 | D:4      | Found a hide-covered altar of Uskayaw.
  2811 | D:4      | Noticed a kobold brigand
  3024 | D:4      | 3024 ||| Stepping ~*~*~tactically~*~*~ (hiding).
  3263 | D:4      | Found a transporter.
  3285 | D:4      | Noticed qw's ghost (novice TeWr)
  3508 | D:4      | Found a transporter.
  3641 | D:4      | 3641 ||| READING scroll labelled ICANAAGEYL.
  3642 | D:4      | 3642 ||| READING scroll labelled CUUMYO ZOEQYEFF.
  3646 | D:4      | 3646 ||| READING 2 scrolls of identify.
  3646 | D:4      | 3646 ||| IDENTIFYING glowing golden potion
  3656 | D:5      | Entered Level 5 of the Dungeon
  3713 | D:5      | Reached skill level 6 in Axes
  3750 | D:5      | Noticed a water moccasin
  3759 | D:5      | HP: 6/30 [poisoned by a water moccasin]
  3759 | D:5      | HP: 1/30 [water moccasin (5)]
  3760 | D:5      | Succumbed to a water moccasin's poison

Levels and vault maps discovered:
D:1:      evilmike_arrival_rings, layout_rooms,
          ebering_ecumenical_altar_sacrificial, serial_bayou_lake_a
D:2:      layout_basic
D:3:      layout_loops_cross, nicolae_wu_jian_wuxing_cycle,
          nemelex_xobeh_ov_fountains_minmay, makhleb_altar_promises_db,
          minmay_crystal_water, hangedman_decor_push,
          amcnicky_mini_rare_corridor_liquid, uniq_robin
D:4:      layout_basic, mainiacjoe_overflow_catwalk_spiral,
          gammafunk_ghost_abyssal_escape
D:5:      layout_layer_cave, fedhas_bush_and_centaur_altar, zin_statuary,
          minmay_manual_mares, uniq_ijyb, uniq_crazy_yiuf_cottage, uniq_sigmund

Skill      XL: |  1  2  3  4  5 |
---------------+----------------+-----
Axes           | 3 4 5 6 |  6.1
Armour         | 2 |  2.0
Fighting       | |  2.0
Throwing       | |  1.0
Dodging        | |  2.1
Spellcasting   | |  2.0
Translocations | |  2.4

Action                   |  1- 3 |  4- 6 || total
-------------------------+-------+-------++-------
Melee: Hand axe          |    78 |    75 ||   153
       Peck              |    13 |     7 ||    20
       Kick              |    10 |    13 ||    23
       Punch             |       |     2 ||     2
Throw: Boomerang         |     7 |       ||     7
       Javelin           |     9 |    37 ||    46
  Use: Scroll            |     5 |     7 ||    12
       Potion            |     1 |     1 ||     2
Armor: Leather armour    |    12 |       ||    12
       Ring mail         |    16 |       ||    16
       Plate armour      |     2 |    33 ||    35
Dodge: Dodged            |    54 |    21 ||    75

Table legend:
 A = Non-vault XP
 B = Vault XP
 C = Vault XP percentage of total XP
 D = Non-vault monster count
 E = Vault monster count
 F = Vault count percentage of total count
                 A         B        C        D         E       F
            +---------+---------+-------+---------+---------+-------
      Total |     244 |      38 |  13.5 |      59 |      13 |  18.1
            +---------+---------+-------+---------+---------+-------
        D:1 |      46 |       0 |   0.0 |      18 |       0 |   0.0
        D:2 |      42 |       0 |   0.0 |      17 |       0 |   0.0
        D:3 |      62 |      38 |  38.0 |      15 |      13 |  46.4
        D:4 |      50 |       0 |   0.0 |       7 |       0 |   0.0
        D:5 |      44 |       0 |   0.0 |       2 |       0 |   0.0
            +---------+---------+-------+---------+---------+-------
